 Dungeon Crawl Stone Soup version 0.23.2-1-ga50397a (webtiles) character file.

Game seed: 7541198813457795869

113 Lokkij the Digger (level 4, 0/33 HPs)
             Began as a Draconian Earth Elementalist on Apr 22, 2019.
             Succumbed to a killer bee's poison
             ... on level 2 of the Dungeon.
             The game lasted 00:07:02 (2175 turns).

Lokkij the Digger (Draconian Earth Elementalist)    Turns: 2175, Time: 00:07:03

Health: 0/33       AC:  2    Str: 11    XL:     4   Next: 65%
Magic:  8/8        EV: 12    Int: 20    God:
Gold:   146        SH:  0    Dex: 11    Spells: 5/9 levels left

rFire    . . .     SeeInvis .   m - +0 whip
rCold    . . .     Gourm    .   (no shield)
rNeg     . . .     Faith    .   (armour unavailable)
rPois    .         Spirit   .   (helmet restricted)
rElec    .         Reflect  .   (no cloak)
rCorr    .         Harm     .   (no gloves)
MR       .....                  (no boots)
Stlth    ++........             (no amulet)
HPRegen  0.11/turn              d - -3 ring of protection (curse)
MPRegen  0.11/turn              h - +4 ring of intelligence

@: lethally poisoned (0 -> -9)
A: unfitting armour, cold-blooded, AC +5
a: no special abilities


You were on level 2 of the Dungeon.
You were not hungry.

You visited 1 branch of the dungeon, and saw 3 of its levels.

You collected 146 gold pieces.

Inventory:

Hand Weapons
 m - a +0 whip (weapon)
Missiles
 b - 16 stones (quivered)
Jewellery
 d - a cursed -3 ring of protection (left hand)
 h - a +4 ring of intelligence (right hand)
Scrolls
 a - 3 scrolls of enchant armour
 e - a scroll of noise
 g - a scroll of immolation {unknown}
 k - a scroll of teleportation {unknown}
 l - a scroll of remove curse {unknown}
 n - a scroll of magic mapping {unknown}
 o - a scroll of amnesia {unknown}
Comestibles
 c - 4 rations


   Skills:
 + Level 0.2 Fighting
 + Level 1.1 Maces & Flails
 - Level 1.7 Dodging
 - Level 1.7 Stealth
 + Level 3.1 Spellcasting
   Level 1.0 Transmutations
 + Level 4.4 Earth Magic


You had 5 spell levels left.
You knew the following spells:

 Your Spells              Type           Power        Failure   Level  Hunger
a - Sandblast             Erth           ###...       2%          1    None
b - Stone Arrow           Conj/Erth      ##....       17%         3    ###....

Your spell library contained the following spells:

 Spells                   Type           Power        Failure   Level  Hunger
 Passwall                 Tmut/Erth      ##......     7%          2    ##.....
 Petrify                  Tmut/Erth      ##......     41%         4    ####...
 Lee's Rapid Deconstruct  Erth           ###.......   54%         5    ######.


Dungeon Overview and Level Annotations

Branches:
Dungeon (3/15)

Altars:


Innate Abilities, Weirdness & Mutations

Your plain brown scales are hard. (AC +5)
You cannot fit into any form of body armour.
You are cold-blooded and may be slowed by cold attacks.


Message History

The killer bee closely misses you.
The killer bee stings you but does no damage.
The killer bee stings you.
You are poisoned.
The killer bee poisons you!
The killer bee buzzes angrily. x2
Found a stone staircase leading down.
There is a stone staircase leading up here.
You feel sick.
The killer bee buzzes angrily. x2; You hear a shout! x3
The killer bee closely misses you. The killer bee stings you.
You are more poisoned.
The killer bee poisons you! The killer bee stings you.
The killer bee barely misses you. The killer bee stings you.
The killer bee stings you!
* * * LOW HITPOINT WARNING * * *
The killer bee stings you!
* * * LOW HITPOINT WARNING * * *
You climb upwards.
You die...

........##....###
................########## ##
..(....##.....#..........#######.
...#####.......####..............
#....###.#.....#.........###.....
.........#.....#.................
..#....†###.##.#...#####..#######
.<###..).......yyy.#####..#######
..####.#.......#@................
........#...8...y..##..#........#
..###.#............##.##.....####
..#...####.........##..#.###.#...
..#.#######..#.....##....###.....
÷................................
.)......###............###.......
........# ##.###........#..#.....
........# #.###.............#...


You could see 4 killer bees.

Vanquished Creatures
  3 gnolls
  4 adders (D:2)
  An ooze (D:1)
  An adder zombie (D:2)
  A leopard gecko (D:1)
  5 bats
  2 bat skeletons (D:2)
  2 goblins (D:1)
  7 hobgoblins
  A frilled lizard (D:1)
  6 kobolds
  A leopard gecko zombie (D:2)
  A quokka skeleton (D:2)
  A quokka zombie (D:2)
  5 rats
41 creatures vanquished.

Notes
Turn   | Place    | Note
-------+----------+-------------------------------------------
     0 | D:1      | Lokkij the Draconian Earth Elementalist began the quest for
                  | the Orb.
     0 | D:1      | Reached XP level 1. HP: 14/14 MP: 3/3
   547 | D:1      | Reached XP level 2. HP: 20/20 MP: 1/5
   897 | D:1      | You fall through a shaft!
  1334 | D:2      | Reached XP level 3. HP: 26/26 MP: 4/6
  1427 | D:2      | Reached skill level 4 in Earth Magic
  1441 | D:2      | Learned a level 3 spell: Stone Arrow
  1576 | D:2      | Reached XP level 4. HP: 33/33 MP: 5/8
  1881 | D:3      | Reached skill level 1 in Maces & Flails
  2174 | D:3      | HP: 1/33 [killer bee (8)]
  2175 | D:2      | Succumbed to a killer bee's poison

Skill      XL: |  1  2  3  4 |
---------------+-------------+-----
Earth Magic    | 4 |  4.4
Spellcasting   | 3 |  3.1
Maces & Flails | 1 |  1.1
Fighting       | |  0.2
Dodging        | |  1.7
Stealth        | |  1.7
Transmutations | |  1.0

Action                   |  1- 3 |  4- 6 || total
-------------------------+-------+-------++-------
Melee: Unarmed           |    10 |       ||    10
       Tailslap          |     2 |     3 ||     5
       Whip              |    22 |    26 ||    48
       Mace              |     8 |       ||     8
 Cast: Sandblast         |    31 |     9 ||    40
       Stone Arrow       |       |     2 ||     2
  Use: Scroll            |     1 |     1 ||     2
       Potion            |       |     3 ||     3
 Stab: Sleeping          |     5 |       ||     5
  Eat: Chunk             |     2 |     2 ||     4
Armor: Skin              |    15 |     4 ||    19
Dodge: Dodged            |    48 |    24 ||    72
